 Dungeon Crawl Stone Soup version 0.28.0-53-g5a82cb258f (webtiles) character file.

Game seed: 13881871443628364511

890 Snilsmaster12 the Slicer (level 8, 0/39 HPs)
             Began as a Vine Stalker Fighter on July 4, 2022.
             Slain by a gnoll
             ... wielding a +0 halberd
              (6 damage)
             ... on level 4 of the Dungeon.
             The game lasted 00:04:05 (3450 turns).

Snilsmaster12 the Slicer (Vine Stalker Fighter)     Turns: 3450, Time: 00:04:06

Health: 0/39       AC:  7    Str: 13    XL:     8   Next: 6%
Magic:  0/9        EV:  9    Int:  8    God:
Gold:   136        SH:  6    Dex: 26    Spells: 7/7 levels left

rFire   . . .      SeeInvis .   a - +0 rapier
rCold   . . .      Faith    .   c - +0 buckler
rNeg    . . .      Spirit   +   s - +1 ring mail "Taonigui" {Str-5 Dex+9}
rPois   .          Reflect  .   (no helmet)
rElec   .          Harm     .   (no cloak)
rCorr   .          Rampage  .   (no gloves)
Will    +....                   h - +0 pair of boots
Stlth   +.........              (no amulet)
HPRegen 0.93/turn               (no ring)
MPRegen 0.11/turn               (no ring)

@: no status effects
A: fangs 3, regeneration 1, magic shield, antimagic bite, no potion heal 2
a: no special abilities


You were on level 4 of the Dungeon.
You visited 1 branch of the dungeon, and saw 4 of its levels.

You collected 136 gold pieces.

Inventory:

Hand Weapons
 a - a +0 rapier (weapon)
Missiles
 m - 2 javelins (quivered)
Armour
 c - a +0 buckler (worn)
 h - a +0 pair of boots (worn)
 s - the +1 ring mail "Taonigui" (worn) {Str-5 Dex+9}
   (You found it on level 3 of the Dungeon)

   Str:       It affects your strength (-5).
   Dex:       It affects your dexterity (+9).
Jewellery
 j - a ring of positive energy
 r - a +6 ring of strength
Scrolls
 e - a scroll of magic mapping {unknown}
 g - 4 scrolls of identify {unknown}
 l - 2 scrolls of teleportation {unknown}
 o - a scroll of blinking {unknown}
 q - a scroll of summoning {unknown}
Potions
 b - a potion of attraction {unknown}
 d - 2 potions of might
 f - a potion of berserk rage {unknown}
 i - a potion of haste {unknown}
 k - 3 potions of curing {unknown}
 n - a potion of brilliance {unknown}
 p - a potion of invisibility {unknown}


   Skills:
 - Level 2.6 Fighting
 * Level 8.3 Short Blades
 - Level 2.4 Armour
 - Level 2.6 Shields


You had 7 spell levels left.
You didn't know any spells.
Your spell library contained the following spells:

 Spells                   Type           Power      Damage    Failure   Level
 Freeze                   Ice            0%         1d3       77%         1
 Conjure Flame            Conj/Fire      0%         6-21      98%         3
 Frozen Ramparts          Ice            0%         1d2       98%         3
 Gell's Gravitas          Tloc           0%         N/A       98%         3
 Ignite Poison            Fire/Tmut/Pois 0%         N/A       98%         3
 Lesser Beckoning         Tloc           0%         N/A       98%         3
 Summon Guardian Golem    Hex/Summ       0%         N/A       98%         3
 Teleport Other           Tloc           0%         N/A       98%         3
 Hailstorm                Conj/Ice       0%         3d3       100%        4
 Olgreb's Toxic Radiance  Pois           0%         N/A       100%        4
 Sticky Flame             Conj/Fire      0%         2d3       100%        4
 Orb of Destruction       Conj           0%         9d5       100%        7
 Ozocubu's Refrigeration  Ice            0%         4d5       100%        7
 Spellforged Servitor     Conj/Summ      0%         N/A       100%        7
 Ignition                 Fire           0%         3d3       100%        8


Dungeon Overview and Level Annotations

Branches:
Dungeon (4/15)
 Temple: D:4-7

Altars:
Trog


Innate Abilities, Weirdness & Mutations

You have razor-sharp teeth.
Your natural rate of healing is unusually fast.
When hurt, damage is shared between your health and your magic reserves.
Your bite disrupts and absorbs the magic of your enemies.
Potions cannot restore your health.


Message History

The gnoll is lightly wounded.
The gnoll hits you with a +0 whip.
The gnoll shaman calls upon its god to speed up the gnoll.
The gnoll seems to speed up.
The gnoll hits you with a +0 whip. The gnoll hits you but does no damage.
You hit the gnoll.
The gnoll is moderately wounded.
A gnoll comes into view. It is wielding a +0 flail.
The gnoll hits you but does no damage.
You barely miss the gnoll.
The gnoll is moderately wounded.
The gnoll misses you. You block the gnoll's attack.
The gnoll shaman calls upon its god to speed up the gnoll.
The gnoll seems to speed up.
You puncture the gnoll! You bite the gnoll.
You kill the gnoll!
The gnoll hits you from afar with a +0 halberd!
The gnoll shaman calls upon its god to speed up the gnoll.
The gnoll seems to speed up.
The gnoll hits you with a +0 halberd. The gnoll closely misses you.
The gnoll barely misses you. The gnoll closely misses you.
Things that are here:
a +0 whip; a +0 club; a gnoll corpse The gnoll hits you from afar with a +0 halberd!
You block the gnoll's attack. The gnoll barely misses you.
The gnoll hits you from afar with a +0 halberd!
* * * LOW HITPOINT WARNING * * *
The gnoll hits you from afar with a +0 halberd!
* * * LOW HITPOINT WARNING * * *
The gnoll barely misses you.
The gnoll hits you from afar with a +0 halberd.
* * * LOW HITPOINT WARNING * * *
The gnoll hits you from afar with a +0 halberd.
* * * LOW HITPOINT WARNING * * *
Okay, then.
Okay, then.
The gnoll barely misses you.
The gnoll hits you from afar with a +0 halberd!
You die...

. ..# #.#.# #.#.################
#.....g..g.#........
#########.######.#.##.....
#....# #g# #.#.##.##.. #....#
#g# #.#....##.. #....# #.#
#g#....'... ## #....# #@#
#g#....#... .# #....#
#......#g#....#... .#
#....###########)#......##
.#######...........>###.########
.'......................##g.
^##########.........#....#g# .#
#.........#....#g# .#
#.........#....#.# .#######
#.........#....#'#####+


You could see 2 gnolls.

Vanquished Creatures
  Pikel (D:4)
  Grinder (D:4)
  Natasha (twice) (D:3)
  Robin (D:3)
  2 gnolls (D:4)
  3 adders
  A white imp (D:3)
  2 worms
  2 dart slugs
  2 orcs
  8 endoplasms
  A giant cockroach (D:1)
  15 goblins
  5 hobgoblins
  3 jackals (D:3)
  4 kobolds
  5 quokkas
  7 ball pythons
  6 bats
  A frilled lizard (D:1)
  3 rats
75 creatures vanquished.

Notes
Turn   | Place    | Note
-------+----------+-------------------------------------------
     0 | D:1      | Snilsmaster12 the Vine Stalker Fighter began the quest for
                  | the Orb.
     0 | D:1      | Reached XP level 1. HP: 11/11 MP: 2/2
    38 | D:1      | Reached skill level 2 in Short Blades
   306 | D:1      | Reached XP level 2. HP: 12/16 MP: 3/3
   791 | D:1      | Reached skill level 3 in Short Blades
   918 | D:1      | Reached XP level 3. HP: 19/19 MP: 4/4
   940 | D:1      | You fall into a shaft and drop 1 floor!
  1789 | D:2      | Found a faded altar of an unknown god.
  1823 | D:2      | Gained mutation: Your natural rate of healing is unusually
                  | fast. [Vine Stalker growth]
  1823 | D:2      | Reached XP level 4. HP: 23/23 MP: 5/5
  2039 | D:3      | Reached skill level 4 in Short Blades
  2071 | D:3      | Noticed Robin
  2098 | D:3      | Killed Robin
  2646 | D:3      | Noticed Natasha
  2653 | D:3      | Killed Natasha
  2654 | D:3      | Reached XP level 5. HP: 21/27 MP: 3/6
  2814 | D:3      | Found a bloodstained altar of Trog.
  2861 | D:3      | Noticed Natasha
  2870 | D:3      | Killed Natasha
  2871 | D:3      | Reached skill level 5 in Short Blades
  2917 | D:3      | Identified the +1 ring mail "Taonigui" {Str-5 Dex+9}
  3031 | D:4      | Noticed Grinder
  3046 | D:4      | Killed Grinder
  3047 | D:4      | Reached skill level 6 in Short Blades
  3047 | D:4      | Reached XP level 6. HP: 32/32 MP: 7/7
  3198 | D:4      | Noticed Pikel
  3232 | D:4      | Killed Pikel
  3233 | D:4      | Reached skill level 8 in Short Blades
  3233 | D:4      | Reached XP level 7. HP: 23/35 MP: 6/8
  3233 | D:4      | Gained mutation: You have razor-sharp teeth. [Vine Stalker
                  | growth]
  3233 | D:4      | Reached XP level 8. HP: 26/39 MP: 6/9
  3450 | D:4      | Slain by a gnoll

Illustrated notes

Levels and vault maps discovered:
D:1:      scummos_arrival_simple_fountains, layout_loops_ring
D:2:      layout_loops_ring, basic_ecumenical_altar
D:3:      layout_basic, lightli_temple_of_fire, uniq_robin, uniq_natasha
D:4:      layout_basic, uniq_grinder, uniq_pikel

Skill      XL: |  1  2  3  4  5  6 |
---------------+-------------------+-----
Short Blades   | 2 3 4 6 8 |  8.3
Fighting       | |  2.6
Armour         | |  2.4
Shields        | |  2.6

Action                   |  1- 3 |  4- 6 |  7- 9 || total
-------------------------+-------+-------+-------++-------
Melee: Rapier            |    89 |   105 |    15 ||   209
       Bite              |    25 |    29 |     3 ||    57
Throw: Javelin           |       |    11 |       ||    11
Armor: Scale mail        |    36 |    25 |       ||    61
       Ring mail         |       |     4 |     4 ||     8
Dodge: Dodged            |    35 |    38 |     9 ||    82
Block: Buckler           |    21 |    22 |     4 ||    47
